 Dungeon Crawl Stone Soup version 0.26.1-11-gd32895ea62 (webtiles) character file.

Game seed: 9526174889624972497

224 Brecoman the Conjurer (level 5, -3/44 HPs)
             Began as a Draconian Conjurer on July 20, 2021.
             Slain by Grinder (6 damage)
             ... while paralysed by Grinder
             ... on level 4 of the Dungeon.
             The game lasted 00:06:57 (3579 turns).

Brecoman the Conjurer (Draconian Conjurer)          Turns: 3579, Time: 00:06:57

Health: -3/44      AC:  6    Str: 10    XL:     5   Next: 67%
Magic:  1/9        EV:  2    Int: 19    God:
Gold:   191        SH:  0    Dex:  9    Spells: 4/10 levels left

rFire    . . .     SeeInvis .   h - +2 dagger (speed)
rCold    . . .     Faith    .   (no shield)
rNeg     . . .     Spirit   .   (armour unavailable)
rPois    .         Reflect  .   (helmet restricted)
rElec    .         Harm     .   (no cloak)
rCorr    .         Rampage  .   l - +0 pair of gloves
Will     .....                  (no boots)
Stlth    ++........             (no amulet)
HPRegen  0.14/turn              (no ring)
MPRegen  0.11/turn              (no ring)

@: paralysed, lethally poisoned (-3 -> -4)
A: unfitting armour, cold-blooded, AC +5
a: no special abilities


You were on level 4 of the Dungeon.
You visited 1 branch of the dungeon, and saw 4 of its levels.

You collected 191 gold pieces.

Inventory:

Hand Weapons
 h - a +2 dagger of speed (weapon)
Missiles
 a - 152 stones
Armour
 e - a +0 buckler
 l - a +0 pair of gloves (worn)
Wands
 j - a wand of flame (10)
 s - a wand of polymorph (7)
Scrolls
 b - a scroll of remove curse {unknown}
 c - a scroll of fear {unknown}
 f - 4 scrolls of teleportation {unknown}
 m - a scroll of enchant weapon {unknown}
 n - a scroll of fog {unknown}
 o - a scroll of amnesia {unknown}
 q - a scroll of enchant armour {unknown}
 r - 4 scrolls of identify {unknown}
 t - a scroll of immolation {unknown}
Potions
 d - a potion of heal wounds {unknown}
 g - 3 potions of curing {unknown}
 i - a potion of flight {unknown}
 k - a potion of haste {unknown}
 p - a potion of mutation {unknown}


   Skills:
 + Level 2.8 Fighting
 - Level 1.7 Dodging
 - Level 1.7 Stealth
 + Level 2.3 Shields
 + Level 3.2 Spellcasting
 + Level 4.9 Conjurations
 + Level 0.8 Hexes


You had 4 spell levels left.
You knew the following spells:

 Your Spells              Type           Power        Failure   Level
a - Magic Dart            Conj           84%          1%          1
b - Searing Ray           Conj           42%          3%          2
c - Dazzling Flash        Conj/Hex       26%          14%         3

Your spell library contained the following spells:

 Spells                   Type           Power        Failure   Level
 Fulminant Prism          Conj/Hex       6%           41%         4
 Iskenderun's Mystic Bla  Conj/Tloc      12%          47%         4


Dungeon Overview and Level Annotations

Branches:
Dungeon (4/15)
 Temple: D:4-7

Altars:

Annotations:
D:2 Sigmund
D:4 Grinder


Innate Abilities, Weirdness & Mutations

Your plain brown scales are hard. (AC +5)
You cannot fit into any form of body armour.
You are cold-blooded and may be slowed by cold attacks.


Message History

The searing ray hits Grinder.
Grinder is moderately wounded. (Press . to maintain the ray.) Grinder says, "Make like a tree!"
Grinder hits you.
You writhe in agony.
The searing ray misses Grinder.
Grinder hits you but does no damage.
The searing ray hits Grinder!
Grinder is heavily wounded.
Grinder gestures at you.
You suddenly lose the ability to move!
You feel sick. Grinder hits you.
* * * LOW HITPOINT WARNING * * *
Grinder hits you.
* * * LOW HITPOINT WARNING * * *
Grinder hits you.
* * * LOW HITPOINT WARNING * * *
Grinder hits you.
* * * LOW HITPOINT WARNING * * *
You writhe in agony.
You die...

###...........#
#.............#
#.#...........#
#.#...........#
#.#...........#
#.#...........#
#.#...........#
#.########†####
#@# #)#
#.......5.....##)#
#.......#####.##)#
######### #.# #.#
#.# #.# #.# #.#


You could see Grinder.

Vanquished Creatures
  A hound (D:3)
  2 orc wizards (D:4)
  A worker ant (D:4)
  3 adders
  A shadow imp (D:4)
  3 oozes
  A worm (D:2)
  A dart slug (D:1)
  2 leopard geckos
  7 orcs
  A giant cockroach (D:1)
  9 goblins
  5 hobgoblins
  A quokka (D:2)
  2 ball pythons
  4 bats
  5 frilled lizards
  5 kobolds
  A leopard gecko skeleton (D:4)
  A quokka skeleton (D:4)
  7 rats
63 creatures vanquished.

Notes
Turn   | Place    | Note
-------+----------+-------------------------------------------
     0 | D:1      | Brecoman the Draconian Conjurer began the quest for the
                  | Orb.
     0 | D:1      | Reached XP level 1. HP: 14/14 MP: 3/3
   163 | D:1      | Reached skill level 1 in Fighting
   163 | D:1      | Reached XP level 2. HP: 23/23 MP: 3/5
   324 | D:1      | Learned a level 2 spell: Searing Ray
  1093 | D:2      | Reached XP level 3. HP: 24/28 MP: 1/6
  1551 | D:2      | Noticed Sigmund
  1875 | D:3      | Reached skill level 1 in Shields
  2095 | D:3      | Reached XP level 4. HP: 36/36 MP: 1/8
  3066 | D:4      | Reached XP level 5. HP: 42/42 MP: 1/9
  3142 | D:4      | Learned a level 3 spell: Dazzling Flash
  3567 | D:4      | Noticed Grinder
  3575 | D:4      | Paralysed by Grinder for 6 turns
  3579 | D:4      | Slain by Grinder

Illustrated notes

Levels and vault maps discovered:
D:1:      scummos_arrival_hexagon, layout_basic
D:2:      layout_basic, uniq_sigmund
D:3:      layout_basic, guppyfry_early_orc_mine
D:4:      layout_basic, uniq_grinder, uniq_duvessa

Skill      XL: |  1  2  3  4 |
---------------+-------------+-----
Fighting       | 1 2 |  2.8
Shields        | 1 2 |  2.3
Spellcasting   | 3 |  3.2
Dodging        | |  1.7
Stealth        | |  1.7
Conjurations   | |  4.9
Hexes          | |  0.8

Action                   |  1- 3 |  4- 6 || total
-------------------------+-------+-------++-------
Melee: Dagger            |       |    53 ||    53
       Tailslap          |       |     3 ||     3
 Cast: Magic Dart        |    76 |    42 ||   118
       Searing Ray       |     3 |     7 ||    10
 Stab: Sleeping          |       |     1 ||     1
Armor: Skin              |     2 |    12 ||    14
Dodge: Dodged            |     5 |    26 ||    31
